 Dungeon Crawl Stone Soup version 0.27-a0-1230-gfc7c993222 (webtiles) character file.

Game seed: 5832363763499195954

37 DasRunzen the Slasher (level 3, -1/29 HPs)
             Began as a Demigod Gladiator on June 8, 2021.
             Killed from afar by Natasha (5 damage)
             ... with a puff of flame
             ... on level 2 of the Dungeon.
             The game lasted 00:02:11 (1397 turns).

DasRunzen the Slasher (Demigod Gladiator)           Turns: 1397, Time: 00:02:12

Health: -1/29      AC:  6    Str: 15    XL:     3   Next: 7%
Magic:  6/6        EV: 12    Int: 14    God:
Gold:   35         SH:  0    Dex: 15    Spells: 3/3 levels left

rFire    . . .     SeeInvis .   a - +0 long sword
rCold    . . .     Faith    .   (no shield)
rNeg     . . .     Spirit   .   b - +0 leather armour
rPois    .         Reflect  .   c - +0 helmet
rElec    .         Harm     .   h - +0 cloak
rCorr    .         Rampage  .   e - +0 pair of gloves
Will     .....                  (no boots)
Stlth    +.........             (no amulet)
HPRegen  0.09/turn              (no ring)
MPRegen  0.10/turn              (no ring)

@: no status effects
A: high mp 1, forlorn
a: no special abilities


You were on level 2 of the Dungeon.
You visited 1 branch of the dungeon, and saw 2 of its levels.

You collected 35 gold pieces.

Inventory:

Hand Weapons
 a - a +0 long sword (weapon)
Missiles
 d - 3 throwing nets (quivered)
Armour
 b - a +0 leather armour (worn)
 c - a +0 helmet (worn)
 e - a +0 pair of gloves (worn)
 h - a +0 cloak (worn)
Potions
 f - a potion of lignification {unknown}


   Skills:
 + Level 2.2 Fighting
 + Level 3.0 Long Blades
 - Level 1.7 Throwing
 + Level 1.0 Armour
 + Level 3.0 Dodging
 + Level 0.8 Spellcasting


You had 3 spell levels left.
You didn't know any spells.
Your spell library was empty.

Dungeon Overview and Level Annotations

Branches:
Dungeon (2/15)

Annotations:
D:2 Natasha


Innate Abilities, Weirdness & Mutations

Your attributes grow dramatically as you level up.
You have an increased reservoir of magic. (+10% MP)
You shall have no god before yourself.


Message History

There is a stone staircase leading down here.
You slash the goblin!
You kill the goblin!
Your Dodging skill increases to level 3!
No target in view!
Things that are here:
a +0 dagger; a goblin corpse
There is a stone staircase leading down here.
You start resting.
HP restored.
You climb downwards.
Level annotation: Natasha
There is a stone staircase leading up here.
You aren't carrying any items that you can evoke.
Natasha stares at you and mumbles some strange words.
You resist with some effort.
Natasha zaps a wand.
The puff of flame hits you.
You barely miss Natasha.
Natasha mumbles some strange words.
Natasha zaps a wand.
The puff of flame hits you.
You closely miss Natasha.
Natasha casts a spell.
You hit Natasha.
Natasha is lightly wounded.
Natasha misses you. The iron imp hits you.
You closely miss Natasha.
Natasha is lightly wounded.
Natasha claws you but does no damage. The iron imp hits you.
* * * LOW HITPOINT WARNING * * *
The crimson imp blinks!
Natasha mumbles some strange words.
You feel troubled.
Natasha stares at you and mumbles some strange words.
The magic dart hits you.
* * * LOW HITPOINT WARNING * * *
Natasha zaps a wand.
The puff of flame hits you.
* * * LOW HITPOINT WARNING * * *
There is a stone staircase leading up here.
Natasha zaps a wand.
The puff of flame hits you.
You die...

..# #...# . ..#
#...# .. #.#
#...#
..####.####...#
...#.#...5..#
######.#.#.#....#
.........#.#....#
..5.........>...#
####.#...#.#..@?#
#.#...h..#.#
#.#...#.##.#
#.##..#.# .# #.
#..#.# .# #.
##.#.# .# #.
#.#.# .# #.#.# .#
#.#.#


You could see Natasha and a crimson imp (summoned).

Vanquished Creatures
  3 dart slugs (D:1)
  An endoplasm (D:1)
  4 giant cockroaches
  2 goblins (D:1)
  4 hobgoblins (D:1)
  4 jackals (D:1)
  A quokka (D:1)
  2 ball pythons (D:1)
  2 bats (D:1)
  A frilled lizard (D:2)
  4 rats (D:1)
28 creatures vanquished.

Vanquished Creatures (others)
  3 plants (D:1)
3 creatures vanquished.

Grand Total: 31 creatures vanquished

Notes
Turn   | Place    | Note
-------+----------+-------------------------------------------
     0 | D:1      | DasRunzen the Demigod Gladiator began the quest for the
                  | Orb.
     0 | D:1      | Reached XP level 1. HP: 17/17 MP: 3/3
   198 | D:1      | Reached XP level 2. HP: 24/24 MP: 4/4
  1005 | D:2      | Reached skill level 1 in Armour
  1017 | D:2      | Reached XP level 3. HP: 29/29 MP: 6/6
  1037 | D:2      | Noticed Natasha
  1397 | D:2      | Killed from afar by Natasha

Illustrated notes

Levels and vault maps discovered:
D:1:      nicolae_arrival_washed_ashore, layout_rooms,
          shapermc_ecumenical_altar_gd
D:2:      layout_basic, uniq_natasha

Skill      XL: |  1  2  3 |
---------------+----------+-----
Fighting       | 2 |  2.2
Armour         | 1 |  1.0
Long Blades    | 3 |  3.0
Dodging        | 3 |  3.0
Throwing       | |  1.7
Spellcasting   | |  0.8

Action                   || total
-------------------------++-------
Melee: Long sword        ||    69
  Use: Scroll            ||     1
Armor: Leather armour    ||    31
Dodge: Dodged            ||    66
       Rpst.: Long sword ||    20

Table legend: (Time is in decaauts)
 A = Elapsed time spent in this place.
 B = Non-inter-level travel time spent in this place.
 C = Inter-level travel time spent in this place.
 D = Time resting spent in this place.
 E = Time spent auto-exploring this place.
 F = Levels seen in this place.
 G = Mean time per level.
                   A        B        C        D        E       F      G
               +--------+--------+--------+--------+--------+-----+--------+
         Total |   1416 |   1372 |     44 |    329 |    819 |   2 |  708.0 |
       Dungeon |   1416 |   1372 |     44 |    329 |    819 |   2 |  708.0 |
               +--------+--------+--------+--------+--------+-----+--------+

Top non-repeatable levels by time:
     D:1: 1353 daAuts
     D:2: 63 daAuts
